 Dungeon Crawl Stone Soup version 0.14-a0-3278-gb24e923 (webtiles) character file.

217 4tharraofdagon the Chopper (level 5, 0/45 HPs)
             Began as a Ghoul Gladiator on Mar 12, 2014.
             Slain by Grinder (5 damage)
             ... on Level 5 of the Dungeon.
             The game lasted 00:04:42 (717 turns).

4tharraofdagon the Chopper (Ghoul Gladiator)         Turns: 717, Time: 00:04:42

HP   0/45        AC  7     Str 20      XL: 5   Next: 25%
MP   4/4         EV  8     Int  3      God:
Gold 75          SH  0     Dex  9      Spells:  0 memorised,  4 levels left

rFire  . . .     SeeInvis .     a - +0 war axe
rCold  + . .     Clarity  .     k - +0 scale mail
rNeg   + + +     Conserve .     (no shield)
rPois  +         rCorr    .     c - +0 helmet
rElec  .         rRot     +     (no cloak)
SustAb . .       Spirit   .     (no gloves)
rMut   .         Warding  .     (no boots)
Saprov + + +     Stasis   .     (no amulet)
MR     .....                    (no ring)
                                (no ring)

@: rotting, not resistant to hostile enchantments, extremely unstealthy
A: rotting body, claws 1, carnivore 3, cold resistance 1, life protection 3,
poison resistance, saprovore 3, slow healing 1, torment resistance, unbreathing
a: no special abilities


You were on level 5 of the Dungeon.
You were not hungry.

You visited 1 branch of the dungeon, and saw 6 of its levels.

You collected 75 gold pieces.

Inventory:

Hand weapons
 a - a +0,+0 war axe (weapon)
Armour
 b - a +0 leather armour
 c - a +0 helmet (worn)
 g - a +0 ring mail
 k - a +0 scale mail (worn)
Comestibles
 j - a meat ration
Scrolls
 e - a scroll of fog {unknown}
 i - a scroll of identify {unknown}
 m - a scroll of recharging {unknown}


   Skills:
 + Level 3.4 Fighting
 * Level 4.0 Axes
 - Level 1.7 Throwing
 + Level 2.1 Armour
 - Level 2.6 Dodging


You had 4 spell levels left.
You didn't know any spells.

Dungeon Overview and Level Annotations

Branches:
Dungeon (6/15)
 Temple: D:4-7

Altars:

Annotations:
D:5 Grinder


Innate Abilities, Weirdness & Mutations

Your body is rotting away.
You have sharp fingernails.
You are carnivorous and can eat meat at any time.
Your flesh is cold resistant.
You are immune to negative energy.
Your system is resistant to poisons.
You thrive on rotten meat.
You heal slowly when monsters are visible.
You are immune to unholy pain and torment.
You can survive without breathing.


Message History

Grinder struggles to escape the net.
Grinder struggles against the net.
You slash Grinder!
Grinder is severely wounded.
Grinder struggles against the net.
Grinder gestures at you. You resist with significant effort.
You hit Grinder but do no damage.
Grinder is severely wounded.
Grinder struggles to escape the net.
Grinder breaks free.
Grinder hits you.
* * * LOW HITPOINT WARNING * * *
Throwing (i - inventory):
d - a throwing net (quivered)
Press: ? - help, Shift-Dir - straight line, f/p - Grinder
Aim: Grinder (severely wounded)
You throw a throwing net. The throwing net misses Grinder.
Grinder hits you.
* * * LOW HITPOINT WARNING * * *
Unknown command.
You hit Grinder but do no damage.
Grinder is severely wounded.
Grinder hits you.
You die...

..#. . .#...#.##
#.#.........
#.##.......#
#.##....##.# ♣
♣#.##....##.#
♣P♣...#....##.#
...##....##5######
#.##.....@......#
♣♣#.....>.##.######
#.#.###...##.####
#...............#
#.#.......##.#.##
#.#.###........#
#.#.# #.....##.###♣
#.#.###.....≈≈≈P≈≈≈
#............≈P≈≈≈P


You could see Grinder.

Vanquished Creatures
  A giant frog zombie (D:5)
  Natasha (D:5)
  A worker ant (D:5)
  4 adders (D:3)
  A giant gecko (D:3)
  An orc (D:3)
  4 giant cockroaches
  11 jackals
  A kobold (D:4)
  3 bats (D:3)
  A giant newt (D:5)
  2 rats (D:3)
31 creatures vanquished.

Notes
Turn   | Place    | Note
--------------------------------------------------------------
     0 | D:1      | 4tharraofdagon, the Ghoul Gladiator, began the quest for the Orb.
     0 | D:1      | Reached XP level 1. HP: 17/17 MP: 1/1
     0 | D:1      | Noticed a spriggan zombie
     1 | D:1      | Noticed an elf zombie
     1 | D:1      | Noticed a human zombie
     3 | D:1      | Noticed an octopode zombie
     3 | D:1      | Noticed a draconian zombie
     6 | D:1      | Noticed a formicid zombie
     7 | D:1      | Noticed an elf zombie
     8 | D:1      | Noticed an elf zombie
    10 | D:1      | Noticed a spriggan zombie
    10 | D:1      | Noticed an elf zombie
    12 | D:1      | Noticed a minotaur zombie
    13 | D:1      | Noticed a troll zombie
    18 | D:1      | Noticed an elf zombie
    19 | D:1      | Noticed an elf zombie
   103 | D:3      | Reached XP level 2. HP: 20/25 MP: 2/2
   147 | D:3      | Noticed a phantom
   267 | D:3      | Reached skill level 3 in Axes
   311 | D:3      | Reached skill level 1 in Armour
   319 | D:3      | Reached XP level 3. HP: 24/30 MP: 3/3
   371 | D:3      | Reached XP level 4. HP: 3/37 MP: 3/3
   512 | D:4      | Noticed Natasha
   519 | D:5      | Entered Level 5 of the Dungeon
   528 | D:5      | Killed Natasha
   564 | D:5      | Reached XP level 5. HP: 7/45 MP: 4/4
   605 | D:6      | Noticed Grinder
   624 | D:5      | Paralysed by Grinder for 5 turns
   630 | D:5      | Reached skill level 4 in Axes
   659 | D:5      | Paralysed by Grinder for 7 turns
   671 | D:5      | Paralysed by Grinder for 6 turns
   717 | D:5      | Slain by Grinder

Action                   |  1- 3 |  4- 6 || total
-------------------------+-------+-------++-------
Melee: War axe           |    76 |    60 ||   136
Throw: Throwing net      |     3 |    11 ||    14
 Stab: Held in net/web   |       |     1 ||     1
